 Dungeon Crawl Stone Soup version 0.32-a0-540-g866d13106e (webtiles) character file.

Game seed: 1949035778783530101

4319 Iich the Cleaver (level 10, -1/63 (79) HPs)
             Began as a Demonspawn Fighter on Feb 26, 2024.
             Was an Initiate of Gozag.
             Killed from afar by an acid dragon (18 damage)
             ... with a splash of acid
             ... on level 7 of the Dungeon on Feb 29, 2024.
             The game lasted 00:20:30 (7919 turns).

Iich the Cleaver (Demonspawn Fighter)               Turns: 7919, Time: 00:20:32

HP:   -1/63 (79)    AC: 10    Str: 21    XL:     10   Next: 11%
MP:   10/10         EV: 13    Int:  9    God:    Gozag
Gold: 741           SH:  5    Dex: 18    Spells: 9/9 levels left

rFire   . . .        a - +0 war axe
rCold   . . .        c - +0 buckler
rNeg    . . .        b - +0 scale mail
rPois   .            (no helmet)
rElec   .            u - +0 cloak
rCorr   .            e - +2 pair of gloves {Stlth+}
SInv    +            k - +0 pair of boots {Fly}
Will    .....        (no amulet)
Stlth   +            f - +6 ring of dexterity
HPRegen 0.30/turn    S - ring of see invisible
MPRegen 0.12/turn

%: no passive effects
@: about to teleport, corroded, flying, heavily drained
A: claws 2, ignite blood 1, sharp scales 2
a: Renounce Religion, Potion Petition, Call Merchant, Bribe Branch


You were on level 7 of the Dungeon.
You worshipped Gozag.
Gozag was pleased with you.
You visited 2 branches of the dungeon, and saw 8 of its levels.
You also visited: Ossuary.

You collected 796 gold pieces.
You paid 55 gold pieces to Gozag.

Inventory:

Hand Weapons
 a - a +0 war axe (weapon)
 l - a +5 hand axe of freezing
Missiles
 y - a throwing net (quivered)
Armour
 b - a +0 scale mail (worn)
 c - a +0 buckler (worn)
 e - a +2 pair of gloves of stealth (worn)
 k - a +0 pair of boots of flying (worn)
 u - a +0 cloak (worn)
Jewellery
 f - a +6 ring of dexterity (left hand)
 C - a ring of resist corrosion
 S - a ring of see invisible (right hand)
Talismans
 v - a talisman of death
 D - a beast talisman
Wands
 h - a wand of light (3)
 n - a wand of polymorph (12)
Scrolls
 g - a scroll of vulnerability
 i - a scroll of identify
 j - 2 scrolls of butterflies
 p - a scroll of amnesia
 r - 3 scrolls of revelation
 s - a scroll of silence
 t - 2 scrolls of teleportation
 A - 3 scrolls of poison
 B - a scroll of immolation
Potions
 d - 2 potions of might
 m - 2 potions of enlightenment
 o - 3 potions of cancellation
 q - a potion of curing
 w - a potion of magic
 x - a potion of ambrosia {unknown}
 z - a potion of heal wounds {unknown}
 E - a potion of attraction {unknown}
 F - a potion of mutation


   Skills:
 + Level 7.4 Fighting
 * Level 9.1 Axes
 - Level 2.6 Armour
 + Level 6.1 Dodging
 - Level 2.6 Shields
 + Level 4.4 Shapeshifting


You had 9 spell levels left.
You didn't know any spells.
Your spell library contained the following spells:

 Spells                   Type           Power      Damage    Failure   Level
 Apportation              Tloc           0%         N/A       80%         1
 Cigotuvi's Dreadful Rot  Necr/Alch/Air  0%         N/A       91%         2
 Jinxbite                 Hex            0%         N/A       91%         2
 Stone Arrow              Conj/Erth      0%         3d7       99%         3
 Animate Armour           Summ/Erth      0%         N/A       100%        4
 Ignite Poison            Fire/Alch      0%         N/A       100%        4
 Alistair's Intoxication  Alch           0%         N/A       100%        5
 Freezing Cloud           Conj/Ice/Air   0%         6-21      100%        5
 Haunt                    Necr/Summ      0%         N/A       100%        7
 Borgnjor's Revivificati  Necr           0%         N/A       100%        8
 Lehudib's Crystal Spear  Conj/Erth      0%         10d2      100%        8
 Death's Door             Necr           0%         N/A       100%        9


Dungeon Overview and Level Annotations

Branches:
Dungeon (7/15)             Temple (1/1) D:4         Ossuary (visited)

Altars:
Ashenzari
Dithmenos
Fedhas
Gozag
Hepliaklqana
Kikubaaqudgha
Makhleb
Nemelex Xobeh
Okawaru
Qazlal
Ru
Sif Muna
Trog
Uskayaw
Vehumet
Wu Jian
Xom
Yredelemnul

Shops:
D:1 [   D:5 =

Annotations:
D:7 Jeremiah


Innate Abilities, Weirdness & Mutations

You have very sharp fingernails.
Your demonic aura sometimes causes spilled blood to erupt in flames.
You are mostly covered in razor-sharp scales. (AC +2, Slay +2)


Message History

Press: ? - help, Q - select action, (/) - cycle Shift-Dir - straight line, f - ogre
Aim: an ogre, wielding a +0 giant club (will become an acid dragon, a human, or a naga, chance to affect: 49%)
The ogre resists with some effort.
Aiming: Polymorph
Press: ? - help, Q - select action, (/) - cycle Shift-Dir - straight line, f/p - ogre
Aim: an ogre, wielding a +0 giant club (will become an acid dragon, a human, or a naga, chance to affect: 49%)
The ogre evaporates and reforms as an acid dragon!
The acid dragon spits acid at you. The splash of acid hits you!!
* * * LOW HITPOINT WARNING * * *
The acid corrodes you!
You take 21 damage, and have 42/63 hp. !!!!--MASSIVE DAMAGE--!!!!
You hit the acid dragon.
The acid dragon is lightly wounded.
The acid dragon bites you!
* * * LOW HITPOINT WARNING * * *
The acid dragon claws you but does no damage.
You take 11 damage, and have 31/63 hp.
You slash the acid dragon!
The acid dragon is heavily wounded.
The acid dragon bites you!
* * * LOW HITPOINT WARNING * * *
The acid dragon claws you but does no damage.
You take 8 damage, and have 23/63 hp.
You hit the acid dragon.
The acid dragon is heavily wounded.
The acid dragon spits acid at you. The splash of acid hits you!!
* * * LOW HITPOINT WARNING * * *
You take 20 damage, and have 3/63 hp. !!!!--MASSIVE DAMAGE--!!!!
You feel better. The acid dragon barely misses you. The acid dragon misses you.
You regained 8 hp, and now have 11/63 hp.
As you read the scroll of teleportation, it crumbles to dust.
You feel strangely unstable. The acid dragon barely misses you.
The acid dragon closely misses you.
You feel better. The acid dragon spits acid at you.
The splash of acid hits you!!
You die...
Your body crumbles into a pile of gold.

############
.$.........#
...........#
...........#
......D@...#
...........#
...........#
...........#####.###
................>...
...........#.###.###
...........#..<#
...........#####
........#


You could see an acid dragon (catching breath).

Vanquished Creatures
  The ghost of ezpacito the Trooper, a novice DsCK of Xom (D:6)
  Joseph (D:6)
  Grinder (D:3)
  Sigmund (D:2)
  6 yaks
  An orc warrior (D:5)
  An ice beast (D:5)
  2 sky beasts (D:7)
  2 black bears
  2 ogres
  2 phantoms
  6 scorpions
  A bullfrog (D:6)
  2 burial acolytes (Ossuary)
  2 bombardier beetles (D:5)
  4 jellies
  3 orc priests
  6 hounds
  Jessica (D:2)
  Ijyb (D:3)
  2 iguanas
  2 sleepcaps
  4 orc wizards
  Terence (D:3)
  5 mummies (Ossuary)
  7 adders
  3 white imps
  2 ufetubi (D:5)
  2 dart slugs
  17 orcs
  10 endoplasms
  8 giant cockroaches
  6 goblins
  6 hobgoblins
  6 jackals
  8 kobolds
  5 quokkas
  4 ball pythons
  8 bats
  13 frilled lizards
  4 gnoll zombies (Ossuary)
  A goblin zombie (D:6)
  3 kobold zombies (Ossuary)
  An orc zombie (Ossuary)
  2 rats (D:1)
  A rat zombie (D:6)
177 creatures vanquished.

Notes
Turn   | Place    | Note
-------+----------+-------------------------------------------
     0 | D:1      | Iich the Demonspawn Fighter began the quest for the Orb.
     0 | D:1      | Reached XP level 1. HP: 18/18 MP: 1/1
    51 | D:1      | Reached skill level 2 in Axes
    76 | D:1      | Found Rijanyz's Armour Shoppe.
   112 | D:1      | Found a faded altar of an unknown god.
   118 | D:1      | Gained mutation: Your demonic aura sometimes causes spilled
                  | blood to erupt in flames. [demonic ancestry]
   118 | D:1      | Reached XP level 2. HP: 24/24 MP: 2/2
   338 | D:1      | Reached skill level 1 in Dodging
   368 | D:1      | Reached XP level 3. HP: 26/29 MP: 3/3
  1001 | D:2      | Noticed Jessica
  1007 | D:2      | Killed Jessica
  1008 | D:2      | Reached skill level 3 in Axes
  1008 | D:2      | Gained mutation: You have sharp fingernails. [demonic
                  | ancestry]
  1008 | D:2      | Reached XP level 4. HP: 35/35 MP: 4/4
  1171 | D:2      | Noticed Sigmund
  1190 | D:2      | Killed Sigmund
  1191 | D:2      | Reached skill level 4 in Axes
  1191 | D:2      | Gained mutation: You are partially covered in razor-sharp
                  | scales. (AC +1, Slay +1) [demonic ancestry]
  1191 | D:2      | Reached XP level 5. HP: 15/42 MP: 5/5
  1191 | D:2      | Reached XP level 6. HP: 18/48 MP: 6/6
  1756 | D:3      | Noticed Terence
  1764 | D:3      | Killed Terence
  1902 | D:3      | Found a shadowy altar of Dithmenos.
  2133 | D:3      | Noticed Grinder
  2156 | D:3      | Paralysed by Grinder for 3 turns
  2175 | D:3      | Paralysed by Grinder for 2 turns
  2179 | D:3      | Killed Grinder
  2180 | D:3      | Reached skill level 5 in Axes
  2180 | D:3      | Reached XP level 7. HP: 18/55 MP: 7/7
  2475 | D:3      | Noticed Ijyb
  2491 | D:3      | Killed Ijyb
  2979 | D:4      | Found a shimmering altar of Xom.
  2979 | D:4      | Found a hide-covered altar of Uskayaw.
  2979 | D:4      | Found a broken altar of Ashenzari.
  2979 | D:4      | Found a sparkling altar of Nemelex Xobeh.
  3109 | D:4      | Found a staircase to the Ecumenical Temple.
  3116 | D:4      | Reached skill level 5 in Fighting
  3134 | Temple   | Entered the Ecumenical Temple
  3344 | D:4      | Reached skill level 1 in Shapeshifting
  3984 | D:5      | Entered Level 5 of the Dungeon
  4005 | D:5      | Reached skill level 6 in Axes
  4153 | D:5      | Reached XP level 8. HP: 63/63 MP: 8/8
  4215 | D:5      | Found Fagim's One-of-a-Kind Rings.
  4293 | Temple   | Became a worshipper of Gozag Ym Sagoz the Greedy
  4629 | D:5      | Found a hazy altar of Hepliaklqana.
  5201 | D:6      | Found a runed translucent door.
  5221 | D:5      | Reached skill level 7 in Axes
  5532 | D:6      | Noticed ezpacito's ghost (novice DsCK)
  5612 | D:6      | Gained mutation: You are mostly covered in razor-sharp
                  | scales. (AC +2, Slay +2) [demonic ancestry]
  5612 | D:6      | Reached XP level 9. HP: 58/69 MP: 9/9
  5650 | D:6      | Found a sand-covered staircase.
  5688 | Ossuary  | Entered an ossuary
  5939 | Ossuary  | Upgraded the game from 0.32-a0-485-g70f7560b1c to
                  | 0.32-a0-540-g866d13106e
  6049 | D:6      | Reached skill level 5 in Dodging
  6696 | D:6      | Killed ezpacito's ghost
  6697 | D:6      | Reached skill level 8 in Axes
  6797 | D:7      | Noticed Joseph
  7040 | D:6      | Killed Joseph
  7519 | D:7      | Reached skill level 9 in Axes
  7519 | D:7      | Gained mutation: You have very sharp fingernails. [demonic
                  | ancestry]
  7519 | D:7      | Reached XP level 10. HP: 79/79 MP: 10/10
  7530 | D:7      | Noticed Jeremiah
  7916 | D:7      | HP: 3/63 [acid dragon/splash of acid (21)]
  7919 | D:7      | Killed from afar by an acid dragon

Illustrated notes

Levels and vault maps discovered:
D:1:      dpeg_arrival_signposts, layout_basic, serial_shops, shop,
          shapermc_ecumenical_altar_venn
D:2:      layout_basic, hangedman_decor_clover_reticule,
          minmay_misc_feat_columns, minmay_cupped, uniq_jessica, uniq_sigmund
D:3:      layout_loops_corners, nicolae_dithmenos_through_a_glass_darkly,
          minmay_misc_feat_nine_boxes, uniq_terence, uniq_ijyb, uniq_grinder
D:4:      layout_loops_cross, grunt_temple_overflow_cloverleaf,
          minmay_temple_entry_mist, minmay_lizard_king
D:5:      layout_basic, nzn_hepliaklqana_mist_gate,
          mainiacjoe_overflow_boulevard, nicolae_shop_unique_rings,
          corexii_item_surrounded_by_moat, nrook_mini_backslash, minmay_circle_x
D:6:      layout_basic, enter_ossuary_4, ebering_ghost_sewer_d, serial_curves,
          eino_curves_01, eino_curves_01, portal_sewer_entry_d
D:7:      layout_basic, water_boxes_lemuel, uniq_joseph, uniq_jeremiah
Temple:   hellmonk_temple_forest_ring

Skill      XL: |  1  2  3  4  5  6  7  8  9 |
---------------+----------------------------+-----
Axes           | 2 3 4 5 6 7 9 |  9.1
Dodging        | 1 2 3 4 6 |  6.1
Fighting       | 4 5 6 7 |  7.4
Shapeshifting  | 1 2 4 |  4.4
Armour         | |  2.6
Shields        | |  2.6

Action                     |  1- 3 |  4- 6 |  7- 9 | 10-12 || total
---------------------------+-------+-------+-------+-------++-------
  Melee: War axe           |    81 |   102 |   418 |    31 ||   632
  Evoke: Wand              |       |       |       |     2 ||     2
    Use: Potion            |     2 |     1 |     4 |     2 ||     9
         Scroll            |       |     4 |     5 |     1 ||    10
   Stab: Sleeping          |       |     1 |     2 |       ||     3
         Distracted        |       |       |     2 |       ||     2
 Armour: Scale mail        |    88 |    63 |   288 |    23 ||   462
  Dodge: Dodged            |    50 |    41 |   195 |    20 ||   306
  Block: Buckler           |    26 |    23 |    81 |     6 ||   136
         Form:             |       |       |     1 |       ||     1
         Beast             |       |       |     1 |       ||     1

Table legend: (Time is in decaauts)
 A = Elapsed time spent in this place.
 B = Non-inter-level travel time spent in this place.
 C = Inter-level travel time spent in this place.
 D = Time resting spent in this place.
 E = Time spent auto-exploring this place.
 F = Levels seen in this place.
 G = Mean time per level.
                   A        B        C        D        E       F      G
               +--------+--------+--------+--------+--------+-----+--------+
         Total |   8067 |   7850 |    217 |   1016 |   4755 |   9 |  896.3 |
       Dungeon |   7696 |   7503 |    193 |   1016 |   4600 |   7 | 1099.4 |
        Temple |    100 |     77 |     23 |      0 |      0 |   1 |  100.0 |
       Ossuary |    270 |    270 |      0 |      0 |    155 |   1 |  270.0 |
               +--------+--------+--------+--------+--------+-----+--------+

Top non-repeatable levels by time:
     D:6: 2070 daAuts
     D:5: 1443 daAuts
     D:3: 1334 daAuts
     D:4: 1082 daAuts
     D:1: 893 daAuts
     D:2: 728 daAuts
 Ossuary: 270 daAuts
     D:7: 142 daAuts
  Temple: 100 daAuts
